 Dungeon Crawl Stone Soup version 0.19.1 (webtiles) character file.

346 ChaseSP the Sneak (level 6, -1/28 HPs)
             Began as a Vine Stalker Enchanter on Dec 1, 2016.
             Slain by pkoi's ghost (10 damage)
             ... on level 3 of the Dungeon.
             The game lasted 00:13:21 (3855 turns).

ChaseSP the Sneak (Vine Stalker Enchanter)          Turns: 3855, Time: 00:13:21

Health: -1/28      AC:  6    Str: 10    XL:     6   Next: 59%
Magic:  0/10       EV: 12    Int: 15    God:
Gold:   57         SH:  0    Dex: 17    Spells: 3 memorised, 3 levels left

rFire  . . .     SeeInvis .     a - +1 dagger
rCold  . . .     Gourm    .     b - +1 robe
rNeg   . . .     Faith    .     (no shield)
rPois  .         Spirit   +     e - +0 helmet
rElec  .         Reflect  .     s - +1 cloak
rCorr  .         Harm     .     (no gloves)
MR     .....                    (no boots)
Stlth  +++++.....               (no amulet)
                                (no ring)
                                w - ring of stealth

@: no status effects
A: fangs 2, regeneration 1, magic shield, antimagic bite, no device heal 3, rot
immunity
a: no special abilities


You were on level 3 of the Dungeon.
You were hungry.

You visited 1 branch of the dungeon, and saw 3 of its levels.

You collected 57 gold pieces.

Inventory:

Hand Weapons
 a - a +1 dagger (weapon)
 m - a +0 short sword
Missiles
 y - 6 needles of paralysis
 z - 10 poisoned needles
Armour
 b - a +1 robe (worn)
 e - a +0 helmet (worn)
 j - a +0 leather armour
 s - a +1 cloak (worn)
Jewellery
 w - a ring of stealth (left hand)
Wands
 r - a wand of heal wounds (6/9)
Scrolls
 g - a scroll of enchant armour {unknown}
 h - 6 scrolls of identify {unknown}
 i - a scroll of remove curse {unknown}
 t - a scroll of magic mapping {unknown}
 v - a scroll of fear {unknown}
Potions
 f - a potion of ambrosia {unknown}
 k - 2 potions of flight {unknown}
 n - 2 potions of invisibility {unknown}
 o - 2 potions of curing {unknown}
 p - a potion of haste {unknown}
 u - a potion of magic {unknown}
 x - a potion of might {unknown}
Books
 c - a book of Maledictions

   Spells                             Type                      Level
   a - Corona                         Hexes                        1
   b - Ensorcelled Hibernation        Hexes/Ice                    2
   c - Confuse                        Hexes                        3
   d - Tukima's Dance                 Hexes                        3
   e - Dazzling Spray                 Conjuration/Hexes            3
Comestibles
 d - a bread ration
 l - 3 meat rations
 q - a beef jerky
 A - 2 chunks of flesh


   Skills:
 * Level 2.2 Short Blades
 - Level 1.5 Dodging
 + Level 6.8 Stealth
 - Level 2.1 Spellcasting
 + Level 4.6 Hexes
 - Level 1.5 Ice Magic


You had 3 spell levels left.
You knew the following spells:

 Your Spells              Type           Power        Failure   Level  Hunger
a - Corona                Hex            ###....      3%          1    #......
b - Ensorcelled Hibernat  Hex/Ice        ##....       12%         2    ###....
c - Confuse               Hex            ###.....     12%         3    ###....


Dungeon Overview and Level Annotations

Branches:
Dungeon (3/15)

Altars:
Qazlal
Trog

Annotations:
D:3 pkoi's ghost, amateur FoFi


Innate Abilities, Weirdness & Mutations

You have extremely sharp teeth.
Your natural rate of healing is unusually fast.
When hurt, damage is shared between your health and your magic reserves.
Your bite disrupts and absorbs the magic of your enemies.
Potions and wands cannot restore your health.
You are immune to rotting.


Message History

Confirm with . or Enter, or press ? or * to list all spells.
Aiming: Confuse
Press: ? - help, Shift-Dir - straight line, f/p - pkoi's ghost
Aim: pkoi's ghost (chance to defeat MR: 34%) Pkoi's ghost easily resists.
Pkoi's ghost hits you!
Ouch! That really hurt!
* * * LOW HITPOINT WARNING * * *
You see here a silvery potion.
Pkoi's ghost stares at you.
You see here 23 bolts.
You are feeling hungry.
You hit pkoi's ghost but do no damage.
You bite pkoi's ghost, but do no damage.
Pkoi's ghost hits you.
* * * LOW HITPOINT WARNING * * *
You hit pkoi's ghost but do no damage.
You bite pkoi's ghost, but do no damage.
Pkoi's ghost barely misses you.
You closely miss pkoi's ghost. Pkoi's ghost hits you!
You die...

##.##### .###### #..##.....#
.......# #. .=.####..#.......
.....#.# #.###.#.....#.......
(#...<.# ..(.........!......
.#.#...# #.#..............$.
.#.#...# #.#?...............
.#.#...# #.#................
.#.#.#.########.#.(........##.###
................@W......(.......
...#............#..#######.######
####.##.##....#.#..... ..#
#.##..#....#.##.#### ##
#.###.#....#.##'# #.#
#.#....#.#... #.# #......#.#...#
#.# ##.....#.#...# #.# #.....#.#


You could see pkoi's ghost.

Vanquished Creatures
  Sigmund (D:2)
  Crazy Yiuf (D:2)
  An orc wizard (D:3)
  Jessica (D:3)
  An adder (D:1)
  3 worms
  A dart slug (D:3)
  3 leopard geckos
  7 orcs (D:3)
  10 bats
  4 giant cockroaches
  9 goblins
  5 hobgoblins
  2 jackals (D:3)
  A quokka (D:2)
  A ball python (D:1)
  4 frilled lizards
  10 kobolds
  11 rats
76 creatures vanquished.

Notes
Turn   | Place    | Note
-------+----------+-------------------------------------------
     0 | D:1      | ChaseSP the Vine Stalker Enchanter began the quest for the Orb.
     0 | D:1      | Reached XP level 1. HP: 9/9 MP: 4/4
   445 | D:1      | Reached XP level 2. HP: 7/13 MP: 4/6
   581 | D:1      | Learned a level 2 spell: Ensorcelled Hibernation
   712 | D:1      | Reached skill level 4 in Stealth
  1022 | D:1      | Reached skill level 1 in Ice Magic
  1022 | D:1      | Reached XP level 3. HP: 13/16 MP: 0/7
  1585 | D:2      | Learned a level 3 spell: Confuse
  1661 | D:2      | Found a stormy altar of Qazlal.
  2359 | D:2      | Gained mutation: Your natural rate of healing is unusually fast. [Vine Stalker growth]
  2359 | D:2      | Reached XP level 4. HP: 5/21 MP: 0/8
  2670 | D:2      | Found a runed door.
  2674 | D:2      | Noticed Crazy Yiuf
  2681 | D:2      | Killed Crazy Yiuf
  2681 | D:2      | Reached skill level 5 in Stealth
  2753 | D:2      | Found a bloodstained altar of Trog.
  2802 | D:2      | Reached skill level 1 in Short Blades
  2866 | D:2      | Found a bloodstained altar of Trog.
  2953 | D:2      | Noticed Sigmund
  3146 | D:2      | Killed Sigmund
  3146 | D:2      | Reached skill level 6 in Stealth
  3146 | D:2      | Reached XP level 5. HP: 24/24 MP: 4/9
  3146 | D:2      | Reached XP level 6. HP: 28/28 MP: 4/10
  3519 | D:3      | Noticed Jessica
  3533 | D:3      | Killed Jessica
  3816 | D:3      | Noticed pkoi's ghost (amateur FoFi)
  3855 | D:3      | Slain by pkoi's ghost

Skill      XL: |  1  2  3  4 |
---------------+-------------+-----
Stealth        | 4 6 |  6.8
Ice Magic      | 1 |  1.5
Hexes          | 4 |  4.6
Short Blades   | 2 |  2.2
Dodging        | |  1.5
Spellcasting   | |  2.1

Action                   |  1- 3 |  4- 6 || total
-------------------------+-------+-------++-------
Melee: Dagger            |   145 |    77 ||   222
       Bite              |    32 |    13 ||    45
 Cast: Corona            |     5 |       ||     5
       Ensorcelled Hiber |    16 |     8 ||    24
       Confuse           |       |     3 ||     3
 Stab: Sleeping          |     8 |    16 ||    24
       Distracted        |       |     1 ||     1
  Eat: Chunk             |     4 |     7 ||    11
Armor: Robe              |    55 |    18 ||    73
Dodge: Dodged            |   103 |    33 ||   136
